 Dungeon Crawl Stone Soup version 0.32-a0-996-gb3226c233f (webtiles) character file.

Game seed: 17626493342578823114

53 DryNick the Grave Robber (level 3, -1/28 HPs)
             Began as a Mountain Dwarf Necromancer on Apr 23, 2024.
             Slain by Sigmund
             ... wielding a +0 scythe
              (9 damage)
             ... on level 1 of the Dungeon.
             The game lasted 00:05:21 (1699 turns).

DryNick the Grave Robber (MDNe)                     Turns: 1699, Time: 00:05:22

Health: -1/28      AC:  4    Str: 10    XL:     3   Next: 64%
Magic:  5/6        EV: 10    Int: 17    God:
Gold:   108        SH:  0    Dex: 10    Spells: 2/6 levels left

rFire   . . .        d - +0 short sword
rCold   . . .        (no shield)
rNeg    . . .        a - +0 robe
rPois   .            m - +0 helmet
rElec   .            (no cloak)
rCorr   .            h - +0 pair of gloves
SInv    .            (no boots)
Will    .....        (no amulet)
Stlth   ++           (no ring)
HPRegen 0.24/turn    (no ring)
MPRegen 0.10/turn

%: no passive effects
@: no status effects
A: runic magic, artefact enchanting
a: no special abilities


You were on level 1 of the Dungeon.
You visited 1 branch of the dungeon, and saw 2 of its levels.

You collected 108 gold pieces.

Inventory:

Hand Weapons
 d - a +0 short sword (weapon)
Armour
 a - a +0 robe (worn)
 h - a +0 pair of gloves (worn)
 i - a +0 kite shield
 m - a +0 helmet (worn)
Scrolls
 f - 2 scrolls of immolation {unknown}
 g - a scroll of vulnerability {unknown}
 j - 2 scrolls of identify {unknown}
 k - a scroll of enchant weapon {unknown}
Potions
 b - a potion of magic
 c - a potion of curing
 e - a potion of berserk rage {unknown}
 l - a potion of attraction {unknown}


   Skills:
 + Level 1.5 Fighting
 - Level 1.4 Dodging
 - Level 1.4 Stealth
 + Level 2.2 Spellcasting
 * Level 5.2 Necromancy


You had 2 spell levels left.
You knew the following spells:

 Your Spells              Type           Power      Damage    Failure   Level
a - Necrotise             Necr           76%        1d7       2%          1
b - Vampiric Draining     Necr           19%        2d7       7%          3

Your spell library contained the following spells:

 Spells                   Type           Power      Damage    Failure   Level
 Freeze                   Ice            4%         1d3       19%         1
 Animate Dead             Necr           19%        N/A       22%         4
 Frozen Ramparts          Ice            2%         1d1       50%         3
 Ozocubu's Armour         Ice            1%         N/A       50%         3
 Summon Ice Beast         Ice/Summ       1%         N/A       50%         3
 Curse of Agony           Necr           19%        N/A       52%         5
 Dimensional Bullseye     Hex/Tloc       0%         N/A       88%         4
 Metabolic Englaciation   Hex/Ice        0%         N/A       99%         5
 Sculpt Simulacrum        Ice/Alch       0%         N/A       100%        6


Dungeon Overview and Level Annotations

Branches:
Dungeon (2/15)

Altars:

Annotations:
D:2 Sigmund


Innate Abilities, Weirdness & Mutations

Your spellcasting is much less encumbered by armour.
You can use scrolls of enchantment on lesser artefacts.


Message History

There is a stone staircase leading up, spattered with blood here.
Casting: Necrotise (safe; 2% risk of failure)
Confirm with . or Enter, or press ? or * to list all spells.
Aiming: Necrotise (safe; 2% risk of failure)
Press: ? - help, Shift-Dir - straight line, f - ribbon worm
Aim: a ribbon worm (catching its breath, chance to affect: 84%)
Something writhes in agony!
Casting: Necrotise (safe; 2% risk of failure)
Confirm with . or Enter, or press ? or * to list all spells.
Aiming: Necrotise (safe; 2% risk of failure)
Press: ? - help, Shift-Dir - straight line, f/p - ribbon worm
Aim: a ribbon worm (catching its breath, chance to affect: 84%)
Something writhes in agony.
Something hits you!
You barely miss something. You closely miss something. Something hits you.
You barely miss something. Something hits you.
You closely miss something.
You hear some strange, mumbled words.
A magic dart appears from out of thin air!
The magic dart hits you!
* * * LOW HITPOINT WARNING * * *
You climb upwards.
Reactivating autopickup.
There is a stone staircase leading down here.
It was a potion of curing.
You feel better.
You hear some strange, mumbled words.
A magic dart appears from out of thin air!
Deactivating autopickup; reactivate with Ctrl-A.
The magic dart hits you.
* * * LOW HITPOINT WARNING * * *
You feel better.
You hear some strange, mumbled words.
A magic dart appears from out of thin air!
The magic dart hits you.
* * * LOW HITPOINT WARNING * * *
Something hits you.
* * * LOW HITPOINT WARNING * * *
Something hits you but does no damage. Something hits you!
You die...

###.#.....#####...###......
##......##.# #...........#.
##..#.#.###.# #.#.#..(....#.
###..##.#.###.# ##.#.#.....###.
###...###.#.#...###..#.#.....###.
#...####..#.#.##...............#.
##.## #.##...#..##.##.#.###...#.
##.#####.........##.##...####....
.....##...#...##@##.###(..# #.##.
.....#...##.####......##..# #....
.....#..###.####.{........#####..
......................#.#..##....
.......#..#.####............#.#.#
.)...###.#..# #...>....##.......
.....# #.#.## #......#..........
.....###...#####........###..#.##
...............................#


There were no monsters in sight!

Vanquished Creatures
  Robin (D:2)
  An adder (D:2)
  2 dart slugs (D:2)
  5 ball pythons
  3 bats
  2 endoplasms (D:1)
  A giant cockroach (D:2)
  6 goblins (D:2)
  3 hobgoblins (D:2)
  A kobold (D:1)
  A frilled lizard (D:1)
  A rat (D:1)
27 creatures vanquished.

Vanquished Creatures (collateral kills)
  A giant cockroach (D:1)
1 creature vanquished.

Grand Total: 28 creatures vanquished

Notes
Turn   | Place    | Note
-------+----------+-------------------------------------------
     0 | D:1      | DryNick the Mountain Dwarf Necromancer began the quest for
                  | the Orb.
     0 | D:1      | Reached XP level 1. HP: 14/14 MP: 3/3
   213 | D:1      | Reached XP level 2. HP: 17/22 MP: 4/4
   887 | D:2      | Reached skill level 1 in Fighting
  1193 | D:2      | Noticed Robin
  1207 | D:2      | Reached XP level 3. HP: 24/28 MP: 4/6
  1211 | D:2      | Killed Robin
  1212 | D:2      | Reached skill level 5 in Necromancy
  1244 | D:2      | Got the Dissertation on Icy Jinxing
  1473 | D:2      | Found a faded altar of an unknown god.
  1494 | D:2      | Noticed Sigmund
  1683 | D:1      | Learned a level 3 spell: Vampiric Draining
  1699 | D:1      | Slain by Sigmund

Illustrated notes

Levels and vault maps discovered:
D:1:      elethiomel_arrival_infinity_welcomes_careful_drivers, layout_rooms
D:2:      layout_loops_ring, hellmonk_ecumenical_altar_leap_of_faith,
          uniq_robin, uniq_sigmund

Skill      XL: |  1  2  3 |
---------------+----------+-----
Spellcasting   | 2 |  2.2
Fighting       | 1 |  1.5
Necromancy     | 5 |  5.2
Dodging        | |  1.4
Stealth        | |  1.4

Action                     || total
---------------------------++-------
  Melee: Short sword       ||    67
         Unarmed           ||     2
   Cast: Necrotise         ||    48
    Use: Potion            ||     2
   Stab: Sleeping          ||     3
 Armour: Robe              ||    73
  Dodge: Dodged            ||    51

Table legend: (Time is in decaauts)
 A = Elapsed time spent in this place.
 B = Non-inter-level travel time spent in this place.
 C = Inter-level travel time spent in this place.
 D = Time resting spent in this place.
 E = Time spent auto-exploring this place.
 F = Levels seen in this place.
 G = Mean time per level.
                   A        B        C        D        E       F      G
               +--------+--------+--------+--------+--------+-----+--------+
         Total |   1701 |   1603 |     98 |     89 |   1180 |   2 |  850.5 |
       Dungeon |   1701 |   1603 |     98 |     89 |   1180 |   2 |  850.5 |
               +--------+--------+--------+--------+--------+-----+--------+

Top non-repeatable levels by time:
     D:2: 894 daAuts
     D:1: 807 daAuts
